 Dungeon Crawl Stone Soup version 0.21.1-1-g345015fe64 (webtiles) character file.

53 Hercules1031 the Covered (level 3, -1/29 HPs)
             Began as a Demonspawn Fighter on June 11, 2018.
             Slain by a hobgoblin
             ... wielding a +0 club
              (4 damage)
             ... on level 2 of the Dungeon.
             The game lasted 00:06:17 (746 turns).

Hercules1031 the Covered (Demonspawn Fighter)        Turns: 746, Time: 00:06:17

Health: -1/29      AC:  8    Str: 17    XL:     3   Next: 64%
Magic:  3/3        EV:  7    Int:  9    God:
Gold:   35         SH:  9    Dex: 12    Spells: 2/2 levels left

rFire    . . .     SeeInvis .   f - +1 dagger (vamp)
rCold    + . .     Gourm    .   c - +0 shield
rNeg     . . .     Faith    .   b - +0 scale mail
rPois    .         Spirit   .   h - +0 helmet
rElec    .         Reflect  .   (no cloak)
rCorr    .         Harm     .   (no gloves)
MR       .....                  (no boots)
Stlth    ..........             (no amulet)
HPRegen  0.09/turn              (no ring)
MPRegen  0.08/turn              (no ring)

@: no status effects
A: cold resistance 1, powered by death 1
a: no special abilities


You were on level 2 of the Dungeon.
You were not hungry.

You visited 1 branch of the dungeon, and saw 2 of its levels.

You collected 35 gold pieces.

Inventory:

Hand Weapons
 a - a +0 war axe
 f - a +1 vampiric dagger (weapon)
Armour
 b - a +0 scale mail (worn)
 c - a +0 shield (worn)
 h - a +0 helmet (worn)
Scrolls
 e - a scroll of identify
 g - a scroll of amnesia {unknown}
 i - a scroll of enchant armour {unknown}
Potions
 d - a potion of might


   Skills:
 + Level 3.2 Fighting
 + Level 0.0 Short Blades
 + Level 2.2 Axes
 * Level 3.2 Armour
 + Level 0.5 Dodging
 * Level 3.1 Shields


You had 2 spell levels left.
You didn't know any spells.

Dungeon Overview and Level Annotations

Branches:
Dungeon (2/15)

Altars:

Annotations:
D:2 Robin


Innate Abilities, Weirdness & Mutations

Your flesh is cold resistant. (rC+)
You regenerate a little health from kills.


Message History

You hit the goblin.
You kill the goblin!
Robin throws the goblin at you! The goblin hits you with a club.
* * * LOW HITPOINT WARNING * * *
You block the goblin's attack.
The hobgoblin hits you but does no damage.
The goblin hits you with a dagger.
* * * LOW HITPOINT WARNING * * *
You block the goblin's attack. The hobgoblin hits you.
* * * LOW HITPOINT WARNING * * *
The hobgoblin closely misses you.
You hit the goblin.
You feel better.
The goblin is heavily wounded.
The goblin hits you but does no damage. You block the goblin's attack.
The hobgoblin hits you but does no damage.
The goblin hits you.
* * * LOW HITPOINT WARNING * * *
You block the hobgoblin's attack. The goblin hits you but does no damage.
Robin hits you but does no damage. The hobgoblin hits you with a club.
You die...

#......... .# ## .
#.....$..##.. .. .. ..
#........... #. .P
...###.....Z...# #. P
...............# #.##.
.....#.ggZ.....# #..##
.......ggg.....# #.##
......wg@gl...# #...
......##gg...###########.
........(....†...........
......####......#...<.###
##..#..########...#####
#.....)..#####...#
.............#.#
#.....#........#
#......>..######


You could see a worm, Robin, an adder zombie, a giant cockroach zombie, 4
hobgoblins, 4 goblins and a frilled lizard.

Vanquished Creatures
  An adder (D:2)
  An adder skeleton (D:2)
  A dart slug (D:2)
  A ball python (D:2)
  4 bats
  A giant cockroach (D:1)
  8 goblins
  3 hobgoblins
  8 jackals (D:1)
  A quokka (D:2)
  2 frilled lizards (D:1)
  3 kobolds (D:1)
  2 rats (D:1)
36 creatures vanquished.

Notes
Turn   | Place    | Note
-------+----------+-------------------------------------------
     0 | D:1      | Hercules1031 the Demonspawn Fighter began the quest for the Orb.
     0 | D:1      | Reached XP level 1. HP: 18/18 MP: 1/1
   199 | D:1      | Gained mutation: You regenerate a little health from kills. [demonic ancestry]
   199 | D:1      | Reached XP level 2. HP: 18/24 MP: 2/2
   569 | D:1      | You fall through a shaft!
   587 | D:2      | Gained mutation: Your flesh is cold resistant. (rC+) [demonic ancestry]
   587 | D:2      | Reached XP level 3. HP: 29/29 MP: 3/3
   734 | D:2      | Noticed Robin
   746 | D:2      | Slain by a hobgoblin

Skill      XL: |  1  2 |
---------------+-------+-----
Axes           | 2 |  2.2
Armour         | 3 |  3.2
Shields        | 3 |  3.1
Fighting       | |  3.2
Dodging        | |  0.5

Action                   || total
-------------------------++-------
Melee: War axe           ||   115
       Dagger            ||    33
  Use: Scroll            ||     1
       Potion            ||     1
  Eat: Ration            ||     2
Armor: Scale mail        ||    97
Dodge: Dodged            ||    59
Block: Shield            ||   127
